 Dungeon Crawl Stone Soup version 0.29.1-1-gd02db6906a (webtiles) character file.

Game seed: 14969970601972176970

1022 GeoRichter the Zephyrmancer (level 8, -6/41 HPs)
             Began as a Tengu Air Elementalist on Oct 17, 2022.
             Was an Initiate of Ashenzari.
             Mangled by a vampire mosquito (8 damage)
             ... on level 10 of the Dungeon.
             The game lasted 00:12:11 (7286 turns).

GeoRichter the Zephyrmancer (TeAE)                  Turns: 7286, Time: 00:12:11

Health: -6/41      AC:  8    Str: 13    XL:     8   Next: 22%
Magic:  15/15      EV: 13    Int: 17    God:    Ashenzari [......]
Gold:   277        SH:  0    Dex: 18    Spells: 8/15 levels left

rFire   + . .      SeeInvis +   B - +5 short sword "Geicarcho" {flame, Str+3 Dex+4 SInv}
rCold   + . .      Faith    .   (no shield)
rNeg    . . .      Spirit   .   v - +3 ring mail
rPois   +          Reflect  .   (helmet restricted)
rElec   +          Harm     .   (no cloak)
rCorr   +          Rampage  .   (no gloves)
Will    .....                   (boots unavailable)
Stlth   ++........              k - amulet of the acrobat
HPRegen 0.13/turn               (no ring)
MPRegen 0.14/turn               (no ring)

@: about to teleport, resistant, flying quickly and evasively, quick
A: beak, talons 3, nimble flight
a: Renounce Religion


You were on level 10 of the Dungeon.
You worshipped Ashenzari.
Ashenzari was noncommittal.
You visited 2 branches of the dungeon, and saw 9 of its levels.

You collected 277 gold pieces.

Inventory:

Hand Weapons
 x - the +7 hand axe of the Pits of Slime {elec, Stlth+}
   (You found it on level 5 of the Dungeon)

   It occasionally discharges a powerful burst of electricity upon striking a
   foe.
   Stlth:     It makes you more stealthy.
 B - the +5 short sword "Geicarcho" (weapon) {flame, Str+3 Dex+4 SInv}
   (You found it on level 6 of the Dungeon)

   It burns those it strikes, dealing additional fire damage.
   Str:       It affects your strength (+3).
   Dex:       It affects your dexterity (+4).
   SInv:      It lets you see invisible.
Armour
 v - a +3 ring mail (worn)
   (You found it on level 4 of the Dungeon)
Jewellery
 k - an amulet of the acrobat (around neck)
   (You found it on level 2 of the Dungeon)
 w - a ring of fire
   (You found it on level 5 of the Dungeon)
Wands
 A - a wand of paralysis (7)
   (You found it on level 6 of the Dungeon)
Scrolls
 e - a scroll of immolation {unknown}
 f - 8 scrolls of identify {unknown}
 h - a scroll of summoning {unknown}
 i - a scroll of noise {!r}
 m - a scroll of enchant weapon {unknown}
 n - a scroll of magic mapping {unknown}
 t - a scroll of teleportation {@r4}
 u - 4 scrolls of vulnerability {unknown}
Potions
 a - a potion of heal wounds {unknown}
 b - a potion of magic
 d - a potion of mutation {unknown}
 g - 3 potions of degeneration {unknown}
 o - 2 potions of haste {unknown}
 p - 2 potions of curing {unknown}
 r - 4 potions of flight {unknown}
 s - a potion of berserk rage {unknown}
 z - 2 potions of invisibility {unknown}


   Skills:
 - Level 2.1 Dodging
 - Level 2.0 Stealth
 + Level 4.2 Spellcasting
 * Level 7.7 Conjurations
 * Level 8.7 Air Magic


You had 8 spell levels left.
You knew the following spells:

 Your Spells              Type           Power      Damage    Failure   Level
a - Shock                 Conj/Air       100%       1d9       1%          1
b - Static Discharge      Conj/Air       31%        3-7/arc   1%          2
c - Airstrike             Air            16%        2d(3-19)  10%         4

Your spell library contained the following spells:

 Spells                   Type           Power      Damage    Failure   Level
 Swiftness                Air            33%        N/A       2%          3
 Lightning Bolt           Conj/Air       15%        1d29      32%         5
 Summon Lightning Spire   Summ/Air       18%        N/A       50%         4
 Ozocubu's Armour         Ice            3%         N/A       71%         3
 Ozocubu's Refrigeration  Ice            1%         4d7       100%        7
 Chain Lightning          Conj/Air       15%        3d20      100%        9
 Fire Storm               Conj/Fire      8%         8d2       100%        9
 Shatter                  Erth           1%         3d6*      100%        9


Dungeon Overview and Level Annotations

Branches:
Dungeon (10/15) Zot: 26966  Temple (1/1) D:6 Zot: 5966
   Lair: D:8-11         Orc: D:9-12

Altars:
Ashenzari
Dithmenos
Hepliaklqana
Uskayaw
Xom
Yredelemnul

Annotations:
D:6 Dowan, Duvessa


Innate Abilities, Weirdness & Mutations

You have a beak for a mouth.
You have claws for feet.
Your magical nature lets you fly swiftly and evasively.


Message History

The vampire mosquito attacks as you move away!
The vampire mosquito bites you.
* * * LOW HITPOINT WARNING * * *
The vampire mosquito draws strength from your injuries!
The vampire mosquito completely misses you.
The vampire mosquito bites you but does no damage.
The vampire mosquito misses you.
The vampire mosquito completely misses you.
As you read the scroll labelled ALUOJU YG WEYGH, it crumbles to dust.
You hear a loud clanging noise!
It was a scroll of noise.
You hear an angry buzzing noise.
You hear a roar!
The vampire mosquito bites you.
* * * LOW HITPOINT WARNING * * *
The vampire mosquito draws strength from your injuries!
The vampire mosquito bites you.
* * * LOW HITPOINT WARNING * * *
The vampire mosquito draws strength from your injuries!
As you read the scroll labelled DAPUOMOYHU, it crumbles to dust.
It is a scroll of amnesia.
Really abort (and waste the scroll)?
Okay, then.
The vampire mosquito closely misses you.
The vampire mosquito barely misses you.
As you read the scroll labelled DEUHEI UHOL, it crumbles to dust.
The scroll dissolves into smoke.
It was a scroll of fog.
The vampire mosquito bites you but does no damage.
The vampire mosquito barely misses you.
The vampire mosquito attacks as you move away!
The vampire mosquito bites you!
* * * LOW HITPOINT WARNING * * *
The vampire mosquito draws strength from your injuries!
The vampire mosquito completely misses you.
Okay, then.
Blink to where?
As you read the scroll labelled FAIKHISACE, it crumbles to dust.
It was a scroll of blinking.
Okay, then.
Blink to where?
An acid dragon comes into view.
As you read the scroll of blinking, it crumbles to dust.
The acid dragon moves out of view.
As you read the scroll labelled GALLUO INWER, it crumbles to dust.
You feel strangely unstable.
It was a scroll of teleportation.
It was a potion of resistance.
You feel protected.
The vampire mosquito closely misses you.
The acid dragon barely misses you. The acid dragon closely misses you.
The vampire mosquito bites you!
You die...

......>.....
........[.#
.........
....... .....
... #.# ##D#
#@.# #y##
######.#
#.§y...#
#######§######
#....##§#
#...§##.#
#...§§§§#
#$?.§####


You could see an acid dragon and a vampire mosquito.

Vanquished Creatures
  Menkaure (D:6)
  2 ice beasts
  A gnoll sergeant (D:5)
  3 scorpions
  A howler monkey (D:3)
  4 jellies
  3 hounds
  An orc wizard (D:4)
  Robin (D:3)
  7 adders
  4 gnolls (D:5)
  An ufetubus (D:5)
  3 dart slugs
  12 orcs
  2 endoplasms
  A giant cockroach (D:3)
  19 goblins
  9 hobgoblins
  13 jackals
  3 quokkas
  7 ball pythons
  A bat (D:1)
  3 frilled lizards
  6 kobolds
  A rat (D:3)
109 creatures vanquished.

Notes
Turn   | Place    | Note
-------+----------+-------------------------------------------
     0 | D:1      | GeoRichter the Tengu Air Elementalist began the quest for
                  | the Orb.
     0 | D:1      | Reached XP level 1. HP: 10/10 MP: 4/4
    72 | D:1      | Found a faded altar of an unknown god.
   321 | D:1      | Reached XP level 2. HP: 15/15 MP: 1/6
  1404 | D:2      | Reached XP level 3. HP: 14/19 MP: 3/7
  2191 | D:3      | Learned a level 2 spell: Static Discharge
  2200 | D:3      | Reached skill level 5 in Air Magic
  2238 | D:3      | Found a basalt altar of Yredelemnul.
  2238 | D:3      | Found a hazy altar of Hepliaklqana.
  2256 | D:3      | Reached XP level 4. HP: 24/24 MP: 3/8
  2513 | D:3      | Gained mutation: Your magical nature lets you fly swiftly
                  | and evasively. [Tengu growth]
  2513 | D:3      | Reached XP level 5. HP: 6/28 MP: 3/10
  2803 | D:3      | Reached skill level 6 in Air Magic
  3369 | D:3      | Noticed Robin
  3416 | D:3      | Killed Robin
  3417 | D:3      | Reached XP level 6. HP: 25/32 MP: 0/11
  3569 | D:3      | Learned a level 4 spell: Airstrike
  3736 | D:4      | Reached skill level 5 in Conjurations
  4555 | D:5      | Entered Level 5 of the Dungeon
  5169 | D:5      | Identified the +7 hand axe of the Pits of Slime {elec,
                  | Stlth+}
  5257 | D:5      | Reached skill level 7 in Air Magic
  5316 | D:5      | Reached XP level 7. HP: 36/36 MP: 8/13
  6137 | D:6      | Found a staircase to the Ecumenical Temple.
  6177 | Temple   | Entered the Ecumenical Temple
  6200 | Temple   | Became a worshipper of Ashenzari the Shackled
  6235 | D:6      | Noticed Duvessa
  6281 | D:6      | Noticed Menkaure
  6430 | D:6      | Killed Menkaure
  6431 | D:6      | Reached skill level 8 in Air Magic
  6444 | D:6      | Reached XP level 8. HP: 41/41 MP: 5/15
  6890 | D:6      | Identified the +5 short sword "Geicarcho" {flame, Str+3
                  | Dex+4 SInv}
  7173 | D:6      | Noticed Dowan
  7251 | D:7      | You are sucked into a shaft and drop 3 floors!
  7251 | D:10     | Entered Level 10 of the Dungeon
  7280 | D:10     | HP: 1/41 [vampire mosquito (9)]
  7286 | D:10     | Mangled by a vampire mosquito

Illustrated notes

Levels and vault maps discovered:
D:1:      beargit_arrival_greenhouse, layout_loops_ring,
          ebering_ecumenical_altar_abandoned
D:2:      layout_basic
D:3:      kennysheep_goblin_castle, layout_rooms,
          mainiacjoe_overflow_large_starburst, kennysheep_generic_room_7,
          uniq_robin
D:4:      layout_loops_ring
D:5:      layout_basic
D:6:      layout_loops_cross, minmay_temple_entry_nine_rooms,
          grunt_ministairs_12, uniq_menkaure, uniq_duvessa
D:7:      layout_basic, chequers_temple_overflow_statue_of_worship,
          serial_shops, shop, kennysheep_generic_room_15
D:10:     layout_basic
Temple:   regret_index_temple_sphere_string

Skill      XL: |  1  2  3  4  5  6  7 |
---------------+----------------------+-----
Conjurations   | 2 3 4 6 7 |  7.7
Air Magic      | 5 6 7 8 |  8.7
Spellcasting   | 3 4 |  4.2
Dodging        | |  2.1
Stealth        | |  2.0

Action                   |  1- 3 |  4- 6 |  7- 9 || total
-------------------------+-------+-------+-------++-------
Melee: Unarmed           |     6 |       |       ||     6
       Kick              |     3 |     3 |     3 ||     9
       Peck              |     1 |     6 |     2 ||     9
       Long sword        |     3 |    19 |       ||    22
       Hand axe          |       |       |     4 ||     4
       Short sword       |       |       |     6 ||     6
 Cast: Shock             |    55 |   120 |    52 ||   227
       Static Discharge  |       |     3 |       ||     3
  Use: Scroll            |       |       |     6 ||     6
       Potion            |       |       |     1 ||     1
Armor: Robe              |     3 |     1 |       ||     4
       Ring mail         |       |     4 |     8 ||    12
Dodge: Dodged            |    12 |    23 |    24 ||    59
